[Event "Titled Tuesday Blitz July 4 Late 2023"]
[White "Grigoriants, Sergey"]
[Black "Karas, Marek"]
[WhiteFideId "4130804"]
[BlackFideId "14928558"]
[WhiteElo "2850"]
[BlackElo "2452"]
[Result "1-0"]
[Round "1"]
[TimeControl "180+2"]
[Date "2023.07.04"]
[WhiteClock "0:00:22"]
[BlackClock "0:00:00"]
[Board "45"]

1. d4 Nf6 2. c4 e6 3. g3 d5 4. Bg2 Be7 5. Nf3 O-O 6. Qc2 dxc4 7. Qxc4 a6 8. Qc2 b5 9. Ne5 Nd5 10. O-O Bb7 11. Bd2 Nd7 12. Nc6 Bxc6 13. Qxc6 N7b6 14. Rc1 Qd6 15. b3 Qxc6 16. Rxc6 Bd6 17. Nc3 Ne7 18. Rxb6 cxb6 19. Bxa8 Rxa8 20. Ne4 Ba3 21. Bc1 b4 22. Nd6 Nd5 23. Bxa3 bxa3 24. Nc4 Nb4 25. Nxb6 Rd8 26. e3 e5 27. dxe5 Rd2 28. Nc4 Rxa2 29. Rxa2 Nxa2 30. Nxa3 Nb4 31. f4 h5 32. Kf2 Kf8 33. e4 Ke7 34. Ke3 Kd7 35. Kd4 Kc6 36. Kc4 a5 37. Nb5 Kd7 38. Nd4 Kc7 39. f5 Na2 40. e6 1-0


[Site "https://www.chess.com"]

[Event "Titled Tuesday Blitz July 4 Late 2023"]
[White "Mackster23"]
[Black "Pichot, Alan"]
[BlackFideId "110973"]
[WhiteElo "2451"]
[BlackElo "2835"]
[Result "0-1"]
[Round "1"]
[TimeControl "180+2"]
[Date "2023.07.04"]
[WhiteClock "0:00:07"]
[BlackClock "0:00:15"]
[Board "46"]

1. e4 c5 2. Nc3 d6 3. d4 cxd4 4. Qxd4 Nc6 5. Qd2 g6 6. b3 Bh6 7. f4 f5 8. Bb2 Nf6 9. Nge2 fxe4 10. O-O-O Rf8 11. g3 Qb6 12. Kb1 e3 13. Qc1 Bf5 14. Na4 Qc7 15. Nac3 Ng4 16. Nd5 Qa5 17. Bc3 Qc5 18. b4 Qc4 19. Nxe3 Nxe3 20. Qxe3 Nxb4 21. Nd4 Qxa2+ 22. Kc1 Nxc2 23. Bb5+ Kd8 24. Qe2 Nb4 25. Bxb4 Rc8+ 26. Nc6+ Rxc6+ 27. Bxc6 Qxe2 28. Ba4 Qc4+ 0-1


[Site "https://www.chess.com"]

[Event "Titled Tuesday Blitz July 4 Late 2023"]
[White "Goltsev, Dmitry"]
[Black "Luong Phuong Hanh"]
[WhiteFideId "24176710"]
[BlackFideId "12401013"]
[WhiteElo "2829"]
[BlackElo "2451"]
[Result "1/2-1/2"]
[Round "1"]
[TimeControl "180+2"]
[Date "2023.07.04"]
[WhiteClock "0:00:46"]
[BlackClock "0:00:21"]
[Board "47"]

1. e4 c5 2. Nf3 e6 3. d4 cxd4 4. Nxd4 a6 5. Nc3 Qc7 6. Be2 b5 7. a3 Bb7 8. O-O d6 9. Be3 Nf6 10. f3 Nbd7 11. Qe1 Be7 12. Qf2 O-O 13. Nb3 Rac8 14. Rad1 d5 15. exd5 Nxd5 16. Nxd5 Bxd5 17. Nd4 Ne5 18. c3 Nc4 19. Bxc4 Qxc4 20. Rfe1 Bf6 21. Qg3 Rfd8 22. Bf4 Qc5 23. Be5 Bxe5 24. Rxe5 Qc7 25. Nf5 f6 26. Re3 exf5 27. Red3 Qb6+ 28. Qf2 Qxf2+ 29. Kxf2 Rc5 30. Kg3 Kf7 31. b4 f4+ 32. Kf2 Rc4 33. Rxd5 Rxd5 34. Rxd5 Rxc3 35. a4 Rc2+ 36. Kg1 bxa4 37. Ra5 Rb2 38. Rxa4 Kg6 39. h3 Kh5 40. Kh2 h6 41. Kg1 f5 42. Kh2 g6 43. Kg1 Kg5 44. Kh2 Rb3 45. Kg1 Kh5 46. Kh2 g5 47. Rxa6 Rxb4 48. Rf6 Rb5 49. Ra6 Rc5 50. Rb6 Rd5 51. Rc6 Re5 52. Rb6 Rd5 53. Re6 Rb5 54. Rf6 Rc5 55. Ra6 Re5 56. Rb6 Rd5 1/2-1/2


[Site "https://www.chess.com"]

[Event "Titled Tuesday Blitz July 4 Late 2023"]
[White "Ladan, Nicholas"]
[Black "Kantor, Gergely"]
[WhiteFideId "30918855"]
[BlackFideId "751499"]
[WhiteElo "2448"]
[BlackElo "2824"]
[Result "0-1"]
[Round "1"]
[TimeControl "180+2"]
[Date "2023.07.04"]
[WhiteClock "0:01:21"]
[BlackClock "0:01:53"]
[Board "48"]

1. d4 e6 2. Nf3 d5 3. Bf4 Bd6 4. e3 Ne7 5. Nbd2 Ng6 6. Bg3 O-O 7. Bd3 Nc6 8. c3 Qe7 9. Bxg6 hxg6 10. Ne5 Nxe5 11. Bxe5 Bxe5 12. dxe5 Qg5 13. Nf3 Qxg2 14. Rg1 Qh3 15. Rg3 Qh5 16. Qd4 b6 17. Rg5 Qxf3 18. Rg3 Qh1+ 19. Ke2 Ba6+ 20. Kd2 Qxa1 21. Rh3 Qxb2+ 22. Kd1 Be2+ 23. Ke1 Bh5 0-1


[Site "https://www.chess.com"]

[Event "Titled Tuesday Blitz July 4 Late 2023"]
[White "Ozen, Bahadir"]
[Black "Horcajuelo Rocamora, Martin"]
[WhiteFideId "6337058"]
[BlackFideId "24573027"]
[WhiteElo "2823"]
[BlackElo "2447"]
[Result "1-0"]
[Round "1"]
[TimeControl "180+2"]
[Date "2023.07.04"]
[WhiteClock "0:01:27"]
[BlackClock "0:01:23"]
[Board "49"]

1. g3 Nf6 2. Bg2 g6 3. Nf3 Bg7 4. O-O O-O 5. d3 d5 6. Nbd2 c5 7. e4 Nc6 8. Re1 e5 9. c3 h6 10. a3 Be6 11. b4 cxb4 12. axb4 dxe4 13. dxe4 a6 14. Bb2 Qb6 15. Qe2 Rad8 16. Nc4 Qb5 17. Bf1 Ne8 18. Nfd2 a5 19. Nxa5 Qxe2 20. Rxe2 Nxa5 21. Rxa5 Nd6 22. Re1 Kh7 23. c4 b6 24. Ra6 Rc8 25. c5 Ne8 26. Rxb6 Bf6 27. Nc4 Bd8 28. Rb7 Bxc4 29. Bxc4 Nd6 30. cxd6 Rxc4 31. Bxe5 Kg8 32. f3 Re8 33. Bf4 g5 34. Be3 Rc3 35. d7 Re7 36. Bc5 Kf8 37. Rb8 1-0


[Site "https://www.chess.com"]

[Event "Titled Tuesday Blitz July 4 Late 2023"]
[White "texie1"]
[Black "Oro, Faustino"]
[BlackFideId "20000197"]
[WhiteElo "2447"]
[BlackElo "2823"]
[Result "0-1"]
[Round "1"]
[TimeControl "180+2"]
[Date "2023.07.04"]
[WhiteClock "0:01:05"]
[BlackClock "0:00:30"]
[Board "50"]

1. Nf3 Nf6 2. c4 e6 3. g3 d5 4. Bg2 Be7 5. O-O O-O 6. Qc2 c5 7. d4 cxd4 8. Nxd4 Nc6 9. Nxc6 bxc6 10. Rd1 Qa5 11. Nc3 Ba6 12. cxd5 cxd5 13. e4 dxe4 14. Nxe4 Rac8 15. Qb1 Be2 16. Bd2 Qa6 17. Bc3 Bxd1 18. Qxd1 Nd5 19. Bd4 Qc4 20. b3 Qc7 21. Qh5 f5 22. Ng5 Bxg5 23. Qxg5 h6 24. Qd2 Rfd8 25. Qe2 Re8 26. Re1 Rcd8 27. Be5 Qa5 28. Qb2 Qxe1+ 29. Bf1 Rd7 30. h4 Qb4 31. a3 Qe7 32. h5 Rc8 33. Bc4 Rxc4 34. bxc4 Nb6 35. Qc2 Qc5 36. Kg2 Qxe5 0-1


[Site "https://www.chess.com"]

[Event "Titled Tuesday Blitz July 4 Late 2023"]
[White "Stribuk, Artiom"]
[Black "Taboas Rodriguez, Daniel"]
[WhiteFideId "13515659"]
[BlackFideId "2208466"]
[WhiteElo "2808"]
[BlackElo "2445"]
[Result "1-0"]
[Round "1"]
[TimeControl "180+2"]
[Date "2023.07.04"]
[WhiteClock "0:00:15"]
[BlackClock "0:00:00"]
[Board "51"]

1. d4 Nf6 2. c4 g6 3. g3 Bg7 4. Bg2 O-O 5. Nc3 d6 6. Nf3 c6 7. e4 Bg4 8. h3 Bxf3 9. Bxf3 Nbd7 10. Be3 e5 11. Bg2 Qe7 12. O-O a5 13. Re1 Rfe8 14. Qd2 a4 15. Rad1 exd4 16. Bxd4 Ne5 17. b3 axb3 18. axb3 Ra3 19. Qb2 Rea8 20. Rd2 d5 21. cxd5 cxd5 22. f4 Nc6 23. Bxf6 Qxf6 24. e5 Qe7 25. Nxd5 Qc5+ 26. Kh2 h5 27. h4 Nb4 28. Rc1 Qf8 29. Rc7 Ra2 30. Qd4 Nc6 31. Qf2 Rxd2 32. Qxd2 Nd8 33. Rd7 Ne6 34. Rxb7 Nc5 35. Rb5 Ne6 36. Nf6+ Bxf6 37. Bxa8 Bxh4 38. Bd5 Be7 39. Bxe6 fxe6 40. Rb7 h4 41. Qd7 hxg3+ 42. Kxg3 Bh4+ 43. Kf3 1-0


[Site "https://www.chess.com"]

[Event "Titled Tuesday Blitz July 4 Late 2023"]
[White "Remolar Gallen, Jose"]
[Black "Hamidi, Amir Mohammad"]
[WhiteFideId "2215187"]
[BlackFideId "12563285"]
[WhiteElo "2443"]
[BlackElo "2803"]
[Result "1-0"]
[Round "1"]
[TimeControl "180+2"]
[Date "2023.07.04"]
[WhiteClock "0:00:24"]
[BlackClock "0:00:44"]
[Board "52"]

1. e4 e6 2. d4 d5 3. e5 c5 4. c3 Nc6 5. Nf3 Qb6 6. Be2 Nh6 7. Na3 cxd4 8. cxd4 Nf5 9. Nc2 Nb4 10. Ne3 Nxe3 11. Bxe3 Be7 12. O-O O-O 13. a3 Nc6 14. b4 Bd7 15. Qd2 Rac8 16. Rfc1 a6 17. h4 Rfe8 18. h5 Qd8 19. Bd3 Kh8 20. Rc3 Na7 21. Rac1 Rxc3 22. Qxc3 Nb5 23. Qb3 h6 24. Bb1 f5 25. a4 Na7 26. g4 Rf8 27. gxf5 Nc6 28. f6 gxf6 29. Nh4 fxe5 30. Ng6+ Kg7 31. dxe5 Bg5 32. Nxf8 Kxf8 33. Bc5+ Kg8 34. Qd3 Ne7 35. Qh7+ Kf8 36. Rc3 1-0


[Site "https://www.chess.com"]

[Event "Titled Tuesday Blitz July 4 Late 2023"]
[White "Perez Ponsa, Federico"]
[Black "szachmistrz2500"]
[WhiteFideId "117927"]
[WhiteElo "2802"]
[BlackElo "2442"]
[Result "1-0"]
[Round "1"]
[TimeControl "180+2"]
[Date "2023.07.04"]
[WhiteClock "0:00:13"]
[BlackClock "0:00:25"]
[Board "53"]

1. d4 d5 2. Nf3 Nf6 3. Bf4 c5 4. e3 a6 5. Nbd2 cxd4 6. exd4 Nc6 7. c3 Bf5 8. Nh4 Bg4 9. Qb3 Na5 10. Qa4+ Bd7 11. Qc2 e6 12. Nhf3 Qb6 13. a4 Nc6 14. Bd3 Rc8 15. Qb1 Be7 16. O-O h6 17. Re1 O-O 18. Ne5 Na5 19. Re3 Nb3 20. Nxb3 Qxb3 21. Rg3 Nh5 22. Nxd7 Nxf4 23. Nxf8 Bxf8 24. Bf1 Bd6 25. Rf3 Rc7 26. g3 Ng6 27. h4 Ne7 28. Kg2 Nf5 29. Bd3 Ne7 30. Bc2 Qb6 31. a5 Qb5 32. Bd3 Qb3 33. c4 dxc4 34. Bh7+ Kh8 35. Rxb3 cxb3 36. Be4 f6 37. Qd3 1-0


[Site "https://www.chess.com"]

[Event "Titled Tuesday Blitz July 4 Late 2023"]
[White "Goncalves, Davi Sulzbacher"]
[Black "Talibov, Shiroghlan"]
[WhiteFideId "2154510"]
[BlackFideId "13429078"]
[WhiteElo "2442"]
[BlackElo "2798"]
[Result "0-1"]
[Round "1"]
[TimeControl "180+2"]
[Date "2023.07.04"]
[WhiteClock "0:00:00"]
[BlackClock "0:01:03"]
[Board "54"]

1. Nf3 b6 2. e4 c5 3. d4 cxd4 4. Nxd4 Bb7 5. Nc3 e6 6. Ndb5 d6 7. Bf4 e5 8. Be3 a6 9. Na3 b5 10. Nd5 Nf6 11. Bb6 Qc8 12. Nc7+ Kd7 13. c4 b4 14. Nc2 Bxe4 15. Nxb4 Nc6 16. Nxc6 Bxc6 17. Nxa8 Qxa8 18. Be2 Bxg2 19. Rg1 Bc6 20. a4 Rg8 21. a5 Be7 22. b4 g5 23. b5 Bb7 24. c5 axb5 25. a6 Bd5 26. Bxb5+ Ke6 27. c6 Qb8 28. c7 Qxb6 0-1


[Site "https://www.chess.com"]

[Event "Titled Tuesday Blitz July 4 Late 2023"]
[White "Rustemov, Alexander"]
[Black "Hoffmann, Asa"]
[WhiteFideId "4119002"]
[BlackFideId "2001470"]
[WhiteElo "2797"]
[BlackElo "2441"]
[Result "1-0"]
[Round "1"]
[TimeControl "180+2"]
[Date "2023.07.04"]
[WhiteClock "0:00:30"]
[BlackClock "0:00:34"]
[Board "55"]

1. d4 Nf6 2. c4 c5 3. d5 e5 4. Nc3 d6 5. e4 Be7 6. Bd3 Nbd7 7. h3 Nf8 8. Be3 Ng6 9. g3 O-O 10. Nf3 a6 11. a4 b6 12. Nd2 Ne8 13. h4 h6 14. h5 Nh8 15. Nf3 f5 16. exf5 Bxf5 17. Bxf5 Rxf5 18. Ne4 Nf7 19. g4 Rf6 20. Nfd2 Qd7 21. f3 Rb8 22. b3 Rf4 23. Bxf4 exf4 24. O-O Ne5 25. Qe2 Bh4 26. Kg2 Nf6 27. Nxf6+ Bxf6 28. Qe4 Nxg4 29. Qxf4 Bxa1 30. Qxg4 Qxg4+ 31. fxg4 Be5 32. Nf3 Bf6 33. Re1 b5 34. axb5 axb5 35. Re4 bxc4 36. bxc4 Kf7 37. Kg3 Rb3 38. Kf4 Rc3 39. Kg3 Be5+ 40. Kf2 Bf6 41. Ke2 Rc2+ 42. Kd1 Rb2 43. Ne1 Rf2 44. Nd3 Rg2 45. Ke1 Rc2 46. Rf4 Rg2 47. Kf1 Rd2 48. Nf2 Rd4 49. Rxd4 Bxd4 50. Ne4 Be5 51. Ke2 g6 52. Kd3 gxh5 53. gxh5 Ke7 54. Ke2 Kf7 55. Kf3 Ke7 56. Kg4 Bg7 57. Kf5 Bf8 58. Kg6 Kd7 59. Kf7 Be7 60. Ng3 Bg5 61. Nf5 Bf4 62. Kg6 Ke8 63. Nxh6 Kf8 64. Nf5 1-0


[Site "https://www.chess.com"]

[Event "Titled Tuesday Blitz July 4 Late 2023"]
[White "Sukandar, Irine Kharisma"]
[Black "Hambleton, Aman"]
[WhiteFideId "7101937"]
[BlackFideId "2606577"]
[WhiteElo "2440"]
[BlackElo "2794"]
[Result "0-1"]
[Round "1"]
[TimeControl "180+2"]
[Date "2023.07.04"]
[WhiteClock "0:00:00"]
[BlackClock "0:00:03"]
[Board "56"]

1. e4 c5 2. Nf3 a6 3. c3 Nf6 4. e5 Nd5 5. d4 cxd4 6. cxd4 d6 7. Nc3 Nxc3 8. bxc3 dxe5 9. Nxe5 Nd7 10. Qa4 e6 11. Be2 Bd6 12. Bf4 Qc7 13. O-O O-O 14. Nxd7 Bxd7 15. Bxd6 Qxd6 16. Qb3 b5 17. Rfd1 Bc6 18. c4 bxc4 19. Bxc4 Rfd8 20. Rac1 g6 21. h3 Bd5 22. Bxd5 Qxd5 23. Qxd5 Rxd5 24. Rc5 Rad8 25. Rxd5 Rxd5 26. Kf1 e5 27. Ke2 exd4 28. Rd2 Kf8 29. Kd3 Ke7 30. Kc4 Ra5 31. Kxd4 Ke6 32. Ke4 Ra4+ 33. Ke3 Ra3+ 34. Ke4 Ra4+ 35. Ke3 Ke5 36. f3 Ra3+ 37. Ke2 g5 38. Kf2 h5 39. Ke2 h4 40. Kf2 a5 41. Ke2 f6 42. Kf1 Kf4 43. Kf2 Ra4 44. Ke2 Kg3 45. Kf1 Rc4 0-1


[Site "https://www.chess.com"]

[Event "Titled Tuesday Blitz July 4 Late 2023"]
[White "Leitao, Rafael"]
[Black "Koc, Przemyslaw"]
[WhiteFideId "2101246"]
[BlackFideId "1109081"]
[WhiteElo "2786"]
[BlackElo "2439"]
[Result "1/2-1/2"]
[Round "1"]
[TimeControl "180+2"]
[Date "2023.07.04"]
[WhiteClock "0:00:02"]
[BlackClock "0:00:19"]
[Board "57"]

1. c4 f5 2. g3 Nf6 3. Bg2 g6 4. Nc3 Bg7 5. Nf3 O-O 6. O-O d6 7. d4 Qe8 8. b3 e5 9. dxe5 Ng4 10. Bb2 Nxe5 11. Qd2 Nbc6 12. Nd5 Nxf3+ 13. exf3 Qf7 14. Rfe1 Bd7 15. Nxc7 Rac8 16. f4 Bxb2 17. Qxb2 Qf6 18. Qxf6 Rxf6 19. Nd5 Re6 20. Nc3 Rxe1+ 21. Rxe1 Kf8 22. Nb5 Nb4 23. Bxb7 Rb8 24. Nxd6 Nxa2 25. Ra1 Nc3 26. Rxa7 Ne2+ 27. Kf1 Nd4 28. b4 Be6 29. c5 Rd8 30. Ra8 Rxa8 31. Bxa8 Ke7 32. Bb7 Kd7 33. Ba6 Kc6 34. Bb7+ Kc7 35. Ba6 Kc6 36. Bc4 Bd7 37. h4 Nc2 38. Bb5+ Kc7 39. Bxd7 Kxd7 40. b5 Nd4 41. b6 Nb3 42. b7 Kc7 43. c6 Nd4 44. Ne8+ Kb8 45. Nf6 Nxc6 46. Nxh7 Kxb7 47. Nf8 Ne7 48. Ke2 Kc6 49. Ne6 Kd6 50. Ng5 Kd5 51. Nf3 Ke4 52. Ne5 Kd5 53. f3 Ke6 54. Ke3 Kd5 55. Kd3 Ke6 56. Kd4 Kf6 57. Kc5 Ng8 58. Kd6 Nh6 59. Kd7 Ng8 60. Nc6 Kf7 61. Nd8+ Kf6 62. Ke8 Ne7 63. Kf8 Nd5 64. Nf7 Nc3 65. Ne5 Ne2 66. g4 fxg4 67. fxg4 Nxf4 68. Nf3 Ng2 69. g5+ Kf5 70. Nd4+ Kg4 71. Ne6 Nxh4 72. Kg7 Kf5 73. Nf8 Kxg5 74. Nxg6 1/2-1/2


[Site "https://www.chess.com"]

[Event "Titled Tuesday Blitz July 4 Late 2023"]
[White "Srdanovic, Jovana"]
[Black "Tristan, Leonardo"]
[WhiteFideId "954810"]
[BlackFideId "113816"]
[WhiteElo "2437"]
[BlackElo "2784"]
[Result "0-1"]
[Round "1"]
[TimeControl "180+2"]
[Date "2023.07.04"]
[WhiteClock "0:00:12"]
[BlackClock "0:00:25"]
[Board "58"]

1. d4 d5 2. c4 e6 3. Nc3 a6 4. cxd5 exd5 5. Bf4 Nf6 6. e3 c5 7. Nf3 c4 8. Be2 b5 9. O-O Bb7 10. Ne5 Be7 11. Bg3 O-O 12. f4 Nbd7 13. Bf3 Nb6 14. a3 Re8 15. Bh4 Ne4 16. Bxe7 Qxe7 17. Bxe4 dxe4 18. Ng4 Rad8 19. Qc2 Qd7 20. f5 f6 21. Rf4 Re7 22. Nf2 Rde8 23. Re1 Nd5 24. Nxd5 Bxd5 25. Nd1 a5 26. Nc3 b4 27. Nxd5 Qxd5 28. Rc1 Rc7 29. axb4 axb4 30. Qa4 Rb8 31. Qc2 c3 32. b3 Re7 33. Ra1 Ra8 34. Ra2 Rxa2 35. Qxa2 Qc6 36. Rf2 Rc7 37. Rc2 Rc8 38. Qa5 Qb7 39. Kf2 h5 40. h4 Kh7 41. g3 Ra8 42. Qc5 Ra3 43. Qc4 Ra5 44. Qe6 Qd5 45. Qxd5 Rxd5 46. Ra2 Rxf5+ 47. Ke2 Rb5 48. Kd1 g5 49. hxg5 fxg5 50. Ra8 h4 51. gxh4 gxh4 52. Re8 h3 53. Rxe4 Rh5 54. Rg4 h2 0-1


[Site "https://www.chess.com"]

[Event "Titled Tuesday Blitz July 4 Late 2023"]
[White "Raja Rithvik R"]
[Black "Herman, Daniel"]
[WhiteFideId "35007394"]
[BlackFideId "30935008"]
[WhiteElo "2780"]
[BlackElo "2430"]
[Result "1-0"]
[Round "1"]
[TimeControl "180+2"]
[Date "2023.07.04"]
[WhiteClock "0:01:28"]
[BlackClock "0:00:00"]
[Board "59"]

1. Nf3 c5 2. e3 Nc6 3. b3 e5 4. d3 d5 5. Bb2 Bd6 6. Nc3 Nf6 7. Be2 O-O 8. O-O Bg4 9. h3 Bh5 10. Nxe5 Bxe2 11. Nxc6 Bxd1 12. Nxd8 Bxc2 13. Nxb7 Be7 14. Ba3 Bxd3 15. Rfd1 Bg6 16. Bxc5 Bxc5 17. Nxc5 Rac8 18. b4 Rfd8 19. Rd4 a5 20. a3 Kf8 21. Rad1 axb4 22. axb4 Rb8 23. e4 Re8 24. exd5 Ke7 25. d6+ Kd8 26. d7 Re7 27. g4 h5 28. g5 Nh7 29. h4 f6 30. Nd5 Rf7 31. Nf4 Nf8 32. Nfe6+ Nxe6 33. Nxe6+ Ke7 34. d8=Q+ 1-0


[Site "https://www.chess.com"]

[Event "Titled Tuesday Blitz July 4 Late 2023"]
[White "Ai, Evan"]
[Black "Plat, Vojtech"]
[WhiteFideId "2094770"]
[BlackFideId "325740"]
[WhiteElo "2429"]
[BlackElo "2772"]
[Result "0-1"]
[Round "1"]
[TimeControl "180+2"]
[Date "2023.07.04"]
[WhiteClock "0:00:18"]
[BlackClock "0:01:18"]
[Board "60"]

1. d4 d6 2. e4 Nf6 3. Nc3 e5 4. Nf3 exd4 5. Nxd4 Be7 6. Be2 O-O 7. Be3 Re8 8. O-O a6 9. f4 Bf8 10. Bf3 Nbd7 11. Nb3 c6 12. a4 a5 13. g4 Nb6 14. g5 Nfd7 15. Kh1 Nc4 16. Qe2 Nxe3 17. Qxe3 Qb6 18. Qd2 Nc5 19. Nd4 Qb4 20. b3 g6 21. f5 Nd7 22. Rad1 Ne5 23. Bg2 Bd7 24. Nce2 Qxd2 25. Rxd2 Rad8 26. Nf4 Bc8 27. h3 Nd7 28. Re1 Nc5 29. Rde2 Re5 30. Nf3 Ree8 31. f6 Nd7 32. e5 dxe5 33. Nxe5 Nxe5 34. Rxe5 Rxe5 35. Rxe5 Bd6 36. Re4 Bf5 37. Rd4 Bxc2 38. Nd3 Bc7 39. Rxd8+ Bxd8 40. Nc5 b6 41. Nb7 Bc7 42. Bxc6 Bxb3 43. Kg2 h6 44. h4 hxg5 45. hxg5 Bf4 46. Kf3 Bxg5 47. Nd6 Bxf6 48. Nc8 Bd8 49. Nd6 Kf8 50. Nb7 Bc7 51. Ke4 Ke7 52. Kd4 f5 53. Kc3 Be6 0-1


[Site "https://www.chess.com"]

[Event "Titled Tuesday Blitz July 4 Late 2023"]
[White "Gorovets, Andrey"]
[Black "FromTexas54"]
[WhiteFideId "13504037"]
[WhiteElo "2770"]
[BlackElo "2428"]
[Result "1-0"]
[Round "1"]
[TimeControl "180+2"]
[Date "2023.07.04"]
[WhiteClock "0:01:43"]
[BlackClock "0:00:33"]
[Board "61"]

1. d4 Nf6 2. c4 g6 3. Nf3 Bg7 4. g3 d6 5. Bg2 O-O 6. Nc3 Nbd7 7. O-O c6 8. e4 e5 9. h3 a5 10. Be3 a4 11. Qc2 exd4 12. Bxd4 Nc5 13. Rfd1 Qa5 14. Rab1 Be6 15. b4 axb3 16. axb3 Qb4 17. Be3 Ng4 18. Bd2 Ne5 19. Nxe5 Bxe5 20. Nb5 Qxd2 21. Rxd2 cxb5 22. cxb5 Ra3 23. b4 Ra2 24. Qd1 Rxd2 25. Qxd2 Na4 26. Rc1 Nb6 27. f4 Bf6 28. Qxd6 Nc4 29. Rxc4 1-0


[Site "https://www.chess.com"]

[Event "Titled Tuesday Blitz July 4 Late 2023"]
[White "Kielinkei"]
[Black "Halkias, Stelios"]
[BlackFideId "4201809"]
[WhiteElo "2427"]
[BlackElo "2766"]
[Result "0-1"]
[Round "1"]
[TimeControl "180+2"]
[Date "2023.07.04"]
[WhiteClock "0:00:00"]
[BlackClock "0:00:29"]
[Board "62"]

1. Nf3 Nf6 2. d4 d5 3. g3 e6 4. Bg2 Be7 5. O-O O-O 6. b3 b6 7. Bb2 Bb7 8. c4 c5 9. cxd5 exd5 10. Nc3 Nc6 11. e3 Ba6 12. Re1 Nb4 13. Ne5 cxd4 14. exd4 Rc8 15. a3 Nc6 16. Nxc6 Rxc6 17. Qd2 Bb7 18. Rac1 h6 19. Qd3 Qd7 20. Rc2 Bd6 21. Rec1 Rfc8 22. Ne2 Rxc2 23. Rxc2 Ne4 24. Rxc8+ Qxc8 25. Nc3 Qe6 26. b4 f5 27. Bc1 f4 28. Qe2 Qg6 29. Qc2 fxg3 30. hxg3 Kh7 31. Qd3 h5 32. Nxe4 dxe4 33. Qe3 Bd5 34. Qg5 Qxg5 35. Bxg5 Kg6 36. Bd2 Kf7 37. Kf1 Bc4+ 38. Ke1 Bd3 39. Bf1 Ke6 40. Bh3+ Kd5 41. Be3 a5 42. bxa5 bxa5 43. a4 Kc4 44. Kd2 Bb4+ 45. Kc1 Bc3 46. d5 Kxd5 47. Bb6 Bd4 48. Bc7 Bxf2 49. Bd7 e3 50. Bb5 e2 0-1


[Site "https://www.chess.com"]

[Event "Titled Tuesday Blitz July 4 Late 2023"]
[White "Milikow, Yoav"]
[Black "Manukian, Artak"]
[WhiteFideId "2822237"]
[BlackFideId "13301373"]
[WhiteElo "2766"]
[BlackElo "2427"]
[Result "1-0"]
[Round "1"]
[TimeControl "180+2"]
[Date "2023.07.04"]
[WhiteClock "0:00:27"]
[BlackClock "0:00:00"]
[Board "63"]

1. c4 f5 2. d4 Nf6 3. Nf3 e6 4. e3 d5 5. Bd3 c6 6. O-O Bd6 7. b3 Qe7 8. Bb2 Nbd7 9. Qc1 O-O 10. Ba3 Bxa3 11. Qxa3 Qxa3 12. Nxa3 Ne4 13. b4 a6 14. Rfc1 h6 15. Rab1 g5 16. g3 g4 17. Bxe4 fxe4 18. Nh4 Kg7 19. Kf1 Nf6 20. Ke2 Bd7 21. Rb3 Nh5 22. Nb1 Rf6 23. Nd2 Raf8 24. Rf1 Kh7 25. a4 Ng7 26. Ng2 Ne8 27. Nf4 Nd6 28. c5 Nf5 29. Nb1 Re8 30. Nc3 e5 31. dxe5 Rxe5 32. Rd1 Be8 33. Ke1 h5 34. Nce2 h4 35. Kf1 hxg3 36. hxg3 Rh6 37. Ke1 Rh1+ 38. Kd2 Rxd1+ 39. Kxd1 Bf7 40. Rb2 Be8 41. Ke1 Kg7 42. Kf1 Kf6 43. Kg2 Re7 44. b5 axb5 45. axb5 Rh7 46. b6 Ng7 47. Nd4 Bd7 48. Ra2 Ne6 49. Nfxe6 Bxe6 50. Ra7 Rf7 51. Nxc6 Bf5 52. Nd8 Rd7 53. Nxb7 d4 54. Nd6 d3 55. Rxd7 Bxd7 56. Nxe4+ Ke5 57. Nd2 Bc6+ 58. f3 Kd5 59. fxg4 Kxc5+ 60. Kf2 Kxb6 61. e4 Kc5 62. Ke3 Bd7 63. g5 Kd6 64. Kxd3 Ke5 65. Ke3 Ke6 66. Nf3 Kf7 67. Kf4 Be8 68. Ne5+ Ke6 69. Ng4 Bg6 70. Ne3 Be8 71. Nf5 Bb5 72. Nd4+ 1-0


[Site "https://www.chess.com"]

[Event "Titled Tuesday Blitz July 4 Late 2023"]
[White "Omariev, Maksim"]
[Black "Morefield, Jason"]
[WhiteFideId "4193423"]
[BlackFideId "30920825"]
[WhiteElo "2426"]
[BlackElo "2751"]
[Result "0-1"]
[Round "1"]
[TimeControl "180+2"]
[Date "2023.07.04"]
[WhiteClock "0:00:00"]
[BlackClock "0:00:29"]
[Board "64"]

1. g4 h5 2. g5 e5 3. d4 e4 4. c4 Bb4+ 5. Nc3 b6 6. Bg2 Bb7 7. d5 Bxc3+ 8. bxc3 f5 9. Qd4 Qe7 10. Nh3 Qf7 11. Nf4 Ne7 12. f3 exf3 13. Bxf3 Na6 14. O-O O-O-O 15. a4 Nc5 16. Ra3 a5 17. h4 d6 18. Be3 Kb8 19. Bf2 Bc8 20. Rb3 Nxb3 21. Qd1 Nc5 22. Bg3 Qe8 23. Qc1 Ng6 0-1


[Site "https://www.chess.com"]

[Event "Titled Tuesday Blitz July 4 Late 2023"]
[White "Weetik, Vjacheslav"]
[Black "Buchenau, Frank"]
[WhiteFideId "4153472"]
[BlackFideId "4604350"]
[WhiteElo "2744"]
[BlackElo "2425"]
[Result "1/2-1/2"]
[Round "1"]
[TimeControl "180+2"]
[Date "2023.07.04"]
[WhiteClock "0:00:14"]
[BlackClock "0:00:08"]
[Board "65"]

1. d4 e6 2. c4 Nf6 3. g3 d5 4. Nf3 c5 5. cxd5 Nxd5 6. Bg2 cxd4 7. O-O Bc5 8. Nbd2 Nc6 9. Nb3 Bb6 10. Nbxd4 Nxd4 11. Nxd4 O-O 12. e3 Bd7 13. b3 Qe7 14. Bb2 Rac8 15. Nf5 exf5 16. Qxd5 Rc2 17. Bd4 Be6 18. Qxb7 Qxb7 19. Bxb7 Bxd4 20. exd4 Rd8 21. d5 Bd7 22. Rfc1 Rd2 23. Rc7 f4 24. gxf4 Kf8 25. h4 a5 26. Bc6 Bg4 27. a4 Bf3 28. Re1 Bxd5 29. Bxd5 R2xd5 30. Ree7 Rf5 31. Re4 g6 32. Rb7 Rd3 33. Kg2 h5 34. Rb5 Rxb5 35. axb5 Rxb3 36. Re5 a4 37. f5 a3 38. fxg6 fxg6 39. Re6 Kf7 40. Ra6 Rxb5 41. Rxa3 Rb4 42. Kg3 Rg4+ 43. Kh3 Kf6 44. f3 Rf4 45. Kg3 Rd4 46. Ra6+ Kf7 47. Ra7+ Kf6 48. Ra6+ Kf7 49. Ra5 Kf6 50. Ra3 Rd1 51. Rc3 Rg1+ 52. Kf2 Rb1 53. Kg2 Rb2+ 54. Kg3 Rb1 55. Rc6+ Kf5 56. Rc5+ Kf6 57. Rc4 Kf5 58. Rc5+ Kf6 59. Rc6+ Kf5 60. Rc5+ 1/2-1/2


[Site "https://www.chess.com"]

[Event "Titled Tuesday Blitz July 4 Late 2023"]
[White "Lalanne, Pablo"]
[Black "Goryachkina, Aleksandra"]
[WhiteFideId "112151"]
[BlackFideId "4147103"]
[WhiteElo "2425"]
[BlackElo "2733"]
[Result "1/2-1/2"]
[Round "1"]
[TimeControl "180+2"]
[Date "2023.07.04"]
[WhiteClock "0:00:32"]
[BlackClock "0:00:07"]
[Board "66"]

1. e4 c5 2. Nf3 e6 3. d4 cxd4 4. Nxd4 Nc6 5. Nc3 Qc7 6. Be3 Nf6 7. Bd3 Be7 8. O-O d6 9. Kh1 O-O 10. f4 Nxd4 11. Bxd4 e5 12. Be3 exf4 13. Bxf4 Be6 14. Qf3 a6 15. Nd5 Bxd5 16. exd5 Qc5 17. c4 b5 18. Be3 Qb4 19. b3 Rae8 20. Bd4 bxc4 21. bxc4 Qd2 22. Rae1 Qh6 23. h3 Qh4 24. Bf2 Qh6 25. Be3 Qh4 26. Bf2 Qh6 27. Be3 Qh4 28. Bf2 1/2-1/2


[Site "https://www.chess.com"]

[Event "Titled Tuesday Blitz July 4 Late 2023"]
[White "Mahdavi, Reza"]
[Black "Bueno, Alfeu Junior Varela"]
[WhiteFideId "12595926"]
[BlackFideId "2108879"]
[WhiteElo "2733"]
[BlackElo "2423"]
[Result "1-0"]
[Round "1"]
[TimeControl "180+2"]
[Date "2023.07.04"]
[WhiteClock "0:02:00"]
[BlackClock "0:00:02"]
[Board "67"]

1. e4 e6 2. d4 d5 3. Nc3 Nf6 4. e5 Nfd7 5. f4 c5 6. Nf3 Nc6 7. Be3 cxd4 8. Nxd4 Bc5 9. Qd2 O-O 10. O-O-O a6 11. Qf2 Qe7 12. h4 Nxd4 13. Bxd4 b5 14. Rh3 b4 15. Ne2 a5 16. h5 Ba6 17. Rg3 Rfc8 18. Kb1 Bxd4 19. Nxd4 Bxf1 20. Rxf1 Nc5 21. Qe3 Ne4 22. Rg4 a4 23. f5 Kh8 24. f6 gxf6 25. exf6 Qf8 26. Rg7 Nxf6 27. h6 Ne8 28. Rgxf7 Qxh6 29. Qxh6 1-0


[Site "https://www.chess.com"]